General information
- name: BNet
- type: Ladder team game (AT/RT)
- host: Battle.net
- saver: brucewillisusa
map: TidewaterGlades
- players: 4
- length: 02:15
- speed: Fast
- version: 1.23 W3XP
- replay type: Public
» download(9 KB)
Players
team 1 (loser)
3drig3r (
green | 52 APM | 116 actions | 02:13)
» actions
| Build / train | 10 | |
| Enter build submenu | 6 | |
| Right click | 46 | |
| Select / deselect | 47 | |
| Use ability | 7 | |
116 total
» units
» buildings
| Altar of Elders | 1 | |
| Moon Well | 2 | |
| Hunter's Hall | 1 | |
| Ancient of War | 2 | |
6 total
» build order
00:14 Altar of Elders
00:21 Moon Well
01:45 Hunter's Hall
01:49 Ancient of War
01:56 Ancient of War
02:12 Moon Well
WoM_HurricanE (
red | 160 APM | 353 actions | 02:12)
» actions
| Assign group hotkey | 2 | |
| Build / train | 10 | |
| Enter build submenu | 6 | |
| Right click | 116 | |
| Select / deselect | 16 | |
| Select group hotkey | 197 | |
| Use ability | 6 | |
353 total
» units
| Acolyte | 2 | |
| Ghoul | 1 | |
| Crypt Fiend | 4 | |
7 total
» buildings
| Crypt | 1 | |
| Graveyard | 1 | |
| Altar of Darkness | 1 | |
| Ziggurat | 2 | |
| Tomb of Relics | 1 | |
6 total
» build order
00:06 Crypt
00:20 Graveyard
00:34 Altar of Darkness
00:50 Ziggurat
01:21 Tomb of Relics
02:05 Ziggurat
team 2 (winner)

»
avid.milk2 (
purple | 32 APM | 71 actions | 02:13)
» actions
| Assign group hotkey | 10 | |
| Build / train | 11 | |
| Enter build submenu | 4 | |
| Right click | 17 | |
| Select / deselect | 23 | |
| Select group hotkey | 2 | |
| Use ability | 4 | |
71 total
» units
» buildings
| Orc Burrow | 1 | |
| Altar of Storms | 1 | |
| Voodoo Lounge | 1 | |
| War Mill | 1 | |
4 total
» build order
00:12 Orc Burrow
00:20 Altar of Storms
01:10 Voodoo Lounge
01:27 War Mill

»
brucewillisusa (
teal | 47 APM | 107 actions | 02:15)
» actions
| Assign group hotkey | 23 | |
| Build / train | 6 | |
| Enter build submenu | 7 | |
| Right click | 20 | |
| Select / deselect | 22 | |
| Select group hotkey | 23 | |
| Use ability | 6 | |
107 total
» units
| Acolyte | 2 | |
| Ghoul | 1 | |
| Crypt Fiend | 2 | |
5 total
» buildings
| Graveyard | 1 | |
| Crypt | 1 | |
| Ziggurat | 2 | |
| Altar of Darkness | 1 | |
| Tomb of Relics | 1 | |
6 total
» build order
00:12 Graveyard
00:14 Crypt
00:17 Ziggurat
00:52 Altar of Darkness
01:10 Tomb of Relics
01:47 Ziggurat
Chat log
(00:01 / Allies) brucewillisusa: play
(00:02 / Allies) brucewillisusa: for now
(00:09 / Allies) brucewillisusa: 100g
(00:30 / Allies) brucewillisusa: thse guys have gay names
(00:40 / Allies) brucewillisusa: hopefully thye hack
(01:26 / Allies) brucewillisusa: get a bm
(01:39 / Allies) brucewillisusa: gold again?
(01:57 / All) brucewillisusa: r u guys cookie cutting?
(02:00 / All) brucewillisusa: like with potm and dk
(02:10 / All) brucewillisusa: we dont like 2 play games like dat